 Dungeon Crawl Stone Soup version 0.31.0-32-g396128a36d (webtiles) character file.

Game seed: 4212681039778270278

541 chippings the Grave Robber (level 7, -2/59 HPs)
             Began as a Purple Draconian Wanderer on Mar 22, 2024.
             Slain by Duvessa
             ... wielding a +0 short sword
              (11 damage)
             ... on level 5 of the Dungeon.
             The game lasted 00:09:11 (3748 turns).

chippings the Grave Robber (DrWn)                   Turns: 3748, Time: 00:09:11

Health: -2/59      AC: 10    Str: 12    XL:     7   Next: 5%
Magic:  10/13      EV: 11    Int: 17    God:
Gold:   254        SH:  0    Dex: 10    Spells: 9/14 levels left

rFire   . . .        g - +2 dagger (venom)
rCold   . . .        (no shield)
rNeg    . . .        (body armour unavailable)
rPois   .            (helmet restricted)
rElec   .            b - +0 cloak
rCorr   .            v - +2 pair of gloves
SInv    .            (no boots)
Will    +....        f - amulet of the acrobat
Stlth   ++           i - ring of wizardry
HPRegen 0.29/turn    o - +4 ring of slaying
MPRegen 0.13/turn

%: acrobat, wizardry (x1)
@: short of breath, fugue
A: breathe power, AC +6, unfitting armour, cold-blooded
a: Breathe Dispelling Energy


You were on level 5 of the Dungeon.
You visited 1 branch of the dungeon, and saw 5 of its levels.

You collected 254 gold pieces.

Inventory:

Hand Weapons
 g - a +2 dagger of venom (weapon)
 n - a +0 short sword of venom
 r - a +0 dagger of pain
Missiles
 a - 11 poisoned darts (quivered)
Armour
 b - a +0 cloak (worn)
 v - a +2 pair of gloves (worn)
Jewellery
 f - an amulet of the acrobat (around neck)
 i - a ring of wizardry (left hand)
 o - a +4 ring of slaying (right hand)
Wands
 u - a wand of iceblast (5)
Scrolls
 c - a scroll of blinking
 e - a scroll of noise {unknown}
 k - a scroll of fog {unknown}
 l - 2 scrolls of immolation {unknown}
 s - 2 scrolls of identify {unknown}
Potions
 d - a potion of mutation
 h - a potion of curing {unknown}
 j - a potion of enlightenment {unknown}
 m - a potion of heal wounds {unknown}
 p - a potion of magic {unknown}
 q - 3 potions of ambrosia {unknown}
 t - a potion of might {unknown}


   Skills:
 + Level 4.0 Fighting
 + Level 2.8 Short Blades
 - Level 1.0 Throwing
 - Level 1.0 Dodging
 - Level 1.7 Stealth
 - Level 4.0 Spellcasting
 - Level 2.0 Conjurations
 + Level 5.4 Necromancy


You had 9 spell levels left.
You knew the following spells:

 Your Spells              Type           Power      Damage    Failure   Level
a - Necrotise             Necr           84%        1d8       1%          1
b - Kiss of Death         Conj/Necr      64%        2d10      1%          1
c - Fugue of the Fallen   Necr           21%        N/A       1%          3

Your spell library contained the following spells:

 Spells                   Type           Power      Damage    Failure   Level


Dungeon Overview and Level Annotations

Branches:
Dungeon (5/15)
 Temple: D:4-7

Altars:
Zin

Shops:
D:1 =

Annotations:
D:2 1 runed translucent door, Crazy Yiuf
D:5 Duvessa


Innate Abilities, Weirdness & Mutations

You can breathe bolts of dispelling energy.
Your rich purple scales are hard. (AC +6)
You cannot fit into any form of body armour.
You are cold-blooded and may be slowed by cold attacks.


Message History

Duvessa hits you with a +0 short sword. Duvessa misses you.
Dowan hits you but does no damage.
You closely miss Dowan.
Dowan is severely wounded.
Duvessa hits you with a +0 short sword. Dowan hits you with a +0 dagger.
You barely miss Dowan. You tail-slap Dowan.
You kill Dowan!
Duvessa screams in rage.
Duvessa goes berserk!
Duvessa hits you with a +0 short sword.
Your Fighting skill increases to level 4!
You have reached level 7!
Your scales start taking on a rich purple colour.
You learn Spellcasting much quicker.
Your Spellcasting skill increases to level 4!
You learn Hexes much quicker.
You learn Evocations quicker.
Training target 4.0 for Spellcasting reached!
You can breathe bolts of dispelling energy.
Aiming: Breathe Dispelling Energy (5% risk of failure)
Press: ? - help, Shift-Dir - straight line, f - Duvessa
Aim: Duvessa, wielding a +0 short sword and wearing a +0 leather armour (berserk, fast, 59% to hit)
You breathe a bolt of dispelling energy.
The bolt of dispelling energy hits Duvessa.
Duvessa is lightly wounded.
Duvessa's magical effects unravel!
Duvessa hits you with a +0 short sword! Duvessa barely misses you.
You closely miss Duvessa. You punch Duvessa, but do no damage.
Duvessa is lightly wounded.
An ogre comes into view. It is wielding a +0 giant club.
Duvessa closely misses you.
The ogre shouts!
You hit Duvessa.
Duvessa is poisoned.
You tail-slap Duvessa! Your punch misses Duvessa.
Duvessa is moderately wounded.
Duvessa closely misses you.
You hit Duvessa but do no damage.
Duvessa looks as sick as possible!
Duvessa is moderately wounded.
Duvessa hits you with a +0 short sword!
* * * LOW HITPOINT WARNING * * *
Duvessa hits you with a +0 short sword!
You die...

#....####...###.......#
#.......#.........#...#
##...^..........##....##
#########....#O.......#
##............#
#.............
##............
#..e..รท......
##..@)........
#<............
#...########## #..###
#..# #..## ##. ##


You could see Duvessa (berserk, extremely poisoned) and an ogre.

Vanquished Creatures
  Grinder (D:3)
  Dowan (D:5)
  A bombardier beetle (D:5)
  2 orc priests
  An iguana (D:4)
  An orc wizard (D:4)
  Robin (D:2)
  4 adders
  2 white imps (D:5)
  3 dart slugs
  A ribbon worm (D:3)
  5 orcs
  An endoplasm (D:2)
  3 giant cockroaches
  11 goblins
  9 hobgoblins
  7 jackals (D:1)
  8 kobolds
  2 quokkas
  4 ball pythons
  8 bats
  2 frilled lizards
  6 rats
84 creatures vanquished.

Vanquished Creatures (collateral kills)
  A bat (D:1)
1 creature vanquished.

Grand Total: 85 creatures vanquished

Notes
Turn   | Place    | Note
-------+----------+-------------------------------------------
     0 | D:1      | chippings the Draconian Wanderer began the quest for the
                  | Orb.
     0 | D:1      | chippings set off with the following items: a +0 club, a +0
                  | cloak, a scroll of blinking, a potion of mutation; and the
                  | following spells available to memorise: Necrotise, Kiss of
                  | Death, Fugue of the Fallen.
     0 | D:1      | Reached XP level 1. HP: 16/16 MP: 2/2
     9 | D:1      | Learned a level 1 spell: Necrotise
   102 | D:1      | Found Befuev's Jewellery Shoppe.
   237 | D:1      | Reached XP level 2. HP: 11/23 MP: 1/3
   693 | D:1      | Reached XP level 3. HP: 29/29 MP: 5/5
   887 | D:1      | Learned a level 1 spell: Kiss of Death
  1104 | D:2      | Learned a level 3 spell: Fugue of the Fallen
  1144 | D:2      | Noticed Robin
  1165 | D:2      | Reached XP level 4. HP: 36/37 MP: 3/6
  1168 | D:2      | Killed Robin
  1365 | D:2      | Reached skill level 1 in Conjurations
  1487 | D:2      | Reached skill level 1 in Short Blades
  1923 | D:2      | Found a runed translucent door.
  1924 | D:2      | Noticed Crazy Yiuf
  2020 | D:3      | Noticed Grinder
  2037 | D:3      | Paralysed by Grinder for 5 turns
  2045 | D:3      | Killed Grinder
  2046 | D:3      | Reached skill level 5 in Necromancy
  2046 | D:3      | Reached XP level 5. HP: 14/45 MP: 5/9
  2046 | D:3      | Reached XP level 6. HP: 16/51 MP: 5/10
  3078 | D:4      | Found a glowing silver altar of Zin.
  3471 | D:5      | Entered Level 5 of the Dungeon
  3475 | D:5      | Noticed Dowan
  3482 | D:5      | Noticed Duvessa
  3744 | D:5      | Killed Dowan
  3745 | D:5      | Your scales start taking on a rich purple colour.
  3745 | D:5      | Reached XP level 7. HP: 30/59 MP: 10/13
  3748 | D:5      | Slain by Duvessa

Illustrated notes

Levels and vault maps discovered:
D:1:      tarquinn_simple_flora_water_a, layout_loops_ring, serial_shops,
          nicolae_shop_hallway_plus, minmay_liquid_box
D:2:      cheibrodos_pilgrimage, layout_basic, minmay_tripent,
          uniq_crazy_yiuf_cottage, uniq_robin
D:3:      layout_rooms, uniq_grinder
D:4:      layout_gridville, kennysheep_mini
D:5:      layout_layer_cave, grunt_temple_overflow_magic_moments,
          mainiacjoe_overflow_chevrons, mainiacjoe_overflow_two_lobes,
          dk_noncrumbling_4, serial_library_hellmonk_small_corner, uniq_duvessa

Skill      XL: |  1  2  3  4  5  6 |
---------------+-------------------+-----
Fighting       | 2 3 4 |  4.0
Spellcasting   | 2 4 |  4.0
Conjurations   | 2 |  2.0
Short Blades   | 2 |  2.8
Necromancy     | 5 |  5.4
Throwing       | |  1.0
Dodging        | |  1.0
Stealth        | |  1.7

Action                     |  1- 3 |  4- 6 |  7- 9 || total
---------------------------+-------+-------+-------++-------
  Melee: Club              |    46 |       |       ||    46
         Tailslap          |    14 |    17 |     1 ||    32
         Dagger            |    54 |   113 |     3 ||   170
         Punch             |     2 |     2 |     1 ||     5
   Cast: Necrotise         |     6 |       |       ||     6
         Fugue of the Fall |     2 |     3 |       ||     5
Ability: Breathe Dispellin |       |       |     1 ||     1
   Stab: Sleeping          |     2 |     4 |       ||     6
 Armour: Skin              |    94 |    78 |     3 ||   175
  Dodge: Dodged            |    78 |    56 |     3 ||   137
